 Dungeon Crawl Stone Soup version 0.29-a0-298-g3c90f9a769 (webtiles) character file.

Game seed: 4014669909081322847

184 jmlagarto the Skirmisher (level 5, -1/47 HPs)
             Began as a Minotaur Abyssal Knight on Mar 23, 2022.
             Was a Believer of Lugonu.
             Shot with an arrow by a centaur (17 damage)
             ... on level 4 of the Dungeon.
             The game lasted 00:03:57 (2851 turns).

jmlagarto the Skirmisher (Minotaur Abyssal Knight)  Turns: 2851, Time: 00:03:58

Health: -1/47      AC:  5    Str: 19    XL:     5   Next: 36%
Magic:  6/6        EV: 11    Int:  7    God:    Lugonu [**....]
Gold:   150        SH:  0    Dex: 11    Spells: 4/4 levels left

rFire   . . .      SeeInvis .   a - +1 hand axe
rCold   . . .      Faith    .   (no shield)
rNeg    . . .      Spirit   .   c - +0 ring mail
rPois   .          Reflect  .   (helmet restricted)
rElec   .          Harm     .   (no cloak)
rCorr   .          Rampage  .   (no gloves)
Will    .....                   (no boots)
Stlth   +.........              g - amulet of regeneration
HPRegen 0.95/turn               (no ring)
MPRegen 0.10/turn               (no ring)

@: no status effects
A: horns 2, retaliatory headbutt
a: Renounce Religion, Depart the Abyss, Bend Space


You were on level 4 of the Dungeon.
You worshipped Lugonu.
Lugonu was pleased with you.
You visited 1 branch of the dungeon, and saw 4 of its levels.
You visited the Abyss 1 time.

You collected 150 gold pieces.

Inventory:

Hand Weapons
 a - a +1 hand axe (weapon)
Missiles
 k - 3 poisoned darts
Armour
 c - a +0 ring mail (worn)
Jewellery
 g - an amulet of regeneration (around neck)
Wands
 j - a wand of polymorph (8)
Scrolls
 e - a scroll of silence
 f - a scroll of acquirement {unknown}
 h - a scroll of immolation {unknown}
Potions
 d - a potion of flight {unknown}
 i - a potion of curing {unknown}


   Skills:
 + Level 4.5 Fighting
 + Level 3.5 Axes
 + Level 3.7 Armour
 + Level 2.6 Dodging
 + Level 2.8 Invocations
 + Level 0.6 Evocations


You had 4 spell levels left.
You didn't know any spells.
Your spell library contained the following spells:

 Spells                   Type           Power      Damage    Failure   Level
 Corpse Rot               Necr/Air       0%         N/A       75%         2
 Poisonous Vapours        Pois/Air       0%         N/A       75%         2
 Animate Armour           Summ/Erth      0%         N/A       100%        4
 Petrify                  Tmut/Erth      0%         N/A       100%        4
 Blade Hands              Tmut           0%         N/A       100%        5
 Metabolic Englaciation   Hex/Ice        0%         N/A       100%        5
 Iron Shot                Conj/Erth      0%         9d1       100%        6
 Statue Form              Tmut/Erth      0%         N/A       100%        6


Dungeon Overview and Level Annotations

Branches:
Dungeon (4/15)
 Temple: D:4-7

Altars:
Qazlal

Annotations:
D:3 3 runed translucent doors, NigelTetley's ghost, weakling DrTm; starts1789's ghost, amateur MfTm
D:4 Pikel


Innate Abilities, Weirdness & Mutations

You have a pair of horns on your head.
You reflexively headbutt those who attack you in melee.


Message History

A lemure comes into view.
Pikel and a jelly come into view.
Pikel is wielding a +2 whip of freezing and carrying a wand of polymorph (12).
Pikel shouts!
The centaur shoots an arrow.
The arrow barely misses you.
The centaur shoots an arrow.
The arrow closely misses you.
The jelly moves out of view.
A lemure and an adder come into view.
The lemure shouts!
The adder hisses angrily.
The centaur unwields a +0 shortbow.
The centaur hits you. The centaur kicks you.
A lemure comes into view.
You barely miss the centaur.
The lemure shouts!
The centaur hits you.
The centaur kicks you but does no damage.
The centaur hits you. The centaur kicks you.
You hit the centaur but do no damage. The centaur hits you.
The centaur kicks you but does no damage.
A centaur comes into view.
The centaur shouts!
You hit the centaur but do no damage. The centaur hits you.
The centaur barely misses you.
The centaur hits you but does no damage.
The centaur kicks you. Space bends around you!
You blink.
The centaur wields a +0 shortbow.
The centaur shoots an arrow.
The arrow misses you.
The centaur shoots an arrow.
The arrow hits you!
* * * LOW HITPOINT WARNING * * *
The centaur shoots an arrow.
The arrow misses you.
The centaur shoots an arrow.
The arrow misses you.
You open the door.
The centaur shoots an arrow.
The arrow barely misses you.
The centaur shoots an arrow.
The arrow hits you.
* * * LOW HITPOINT WARNING * * *
There is an open door here.
The centaur shoots an arrow.
The arrow closely misses you.
The centaur shoots an arrow.
The arrow barely misses you. As you open the door, it creaks loudly!
The centaur shoots an arrow.
The arrow hits you!
You die...

#...........#...#.
...#.......#...#....
...######.######..?#
#......
#.##..#....##
#......
#.....#.....##.#
.....
#.....#......5JK ...
##...##).5c#####
#'###...#.....#
#.@#..........#
+..#....#.....#
#..##...#.....#
#..##...#.....#
#..c....#.....#
#.......c.....#
#..##.###.....#
#..#### ####.....
+... .....


You could see a centaur.

Vanquished Creatures
  A centaur (D:4)
  A howler monkey (D:3)
  An adder (D:3)
  A worm (D:2)
  4 dart slugs
  An orc (D:3)
  2 endoplasms (D:2)
  3 giant cockroaches
  5 goblins
  6 hobgoblins
  2 jackals (D:1)
  3 quokkas
  4 ball pythons
  2 bats
  3 frilled lizards
  2 kobolds (D:1)
  2 rats
43 creatures vanquished.

Vanquished Creatures (others)
  2 withered plants (D:3)
2 creatures vanquished.

Grand Total: 45 creatures vanquished

Notes
Turn   | Place    | Note
-------+----------+-------------------------------------------
     0 | Abyss:1  | jmlagarto the Minotaur Abyssal Knight began the quest for
                  | the Orb.
     0 | Abyss:1  | Reached XP level 1. HP: 19/19 MP: 1/1
    28 | Abyss:1  | Noticed a tentacled starspawn
    66 | Abyss:1  | Noticed a daeva
    68 | Abyss:1  | Noticed a ynoxinul
    70 | D:1      | Escaped the Abyss
   341 | D:1      | Reached ** piety under Lugonu
   492 | D:1      | Reached XP level 2. HP: 27/27 MP: 2/2
   494 | D:1      | Found a faded altar of an unknown god.
   617 | D:1      | You fall into a shaft and drop 1 floor!
  1293 | D:2      | Reached XP level 3. HP: 16/33 MP: 3/3
  1460 | D:2      | Found a stormy altar of Qazlal.
  1501 | D:2      | Reached skill level 4 in Fighting
  2394 | D:3      | Reached XP level 4. HP: 38/40 MP: 4/4
  2571 | D:3      | Found a runed translucent gate.
  2572 | D:3      | Found a runed translucent gate.
  2572 | D:3      | Found a runed translucent gate.
  2572 | D:3      | Noticed starts1789's ghost (amateur MfTm)
  2572 | D:3      | Noticed NigelTetley's ghost (weakling DrTm)
  2735 | D:4      | Noticed a centaur
  2748 | D:4      | Killed a centaur
  2749 | D:4      | Reached XP level 5. HP: 13/47 MP: 4/6
  2828 | D:4      | Noticed a centaur
  2831 | D:4      | Noticed a lemure
  2832 | D:4      | Noticed Pikel
  2833 | D:4      | Noticed a lemure
  2833 | D:4      | Noticed a lemure
  2835 | D:4      | Noticed a centaur
  2851 | D:4      | Shot with an arrow by a centaur

Illustrated notes

Levels and vault maps discovered:
D:1:      eino_arrival_water_star, layout_basic, basic_ecumenical_altar
D:2:      layout_loops_ring, basic_altar, minmay_misc_feat_more_columns,
          st_stairs_4, chequers_arboretum, palyth_stone_intersect,
          corexii_corridor_pit
D:3:      layout_loops_ring, gammafunk_ghost_cemetery, minmay_misc_feat_square,
          minmay_misc_feat_five, minmay_misc_feat_doors
D:4:      layout_gridville, kennysheep_mini_moat, grunt_ministairs_10,
          minmay_manual_mares, uniq_pikel

Skill      XL: |  1  2  3 |
---------------+----------+-----
Invocations    | 2 |  2.8
Fighting       | 4 |  4.5
Armour         | 3 |  3.7
Axes           | 3 |  3.5
Dodging        | 2 |  2.6
Evocations     | |  0.6

Action                   |  1- 3 |  4- 6 || total
-------------------------+-------+-------++-------
Melee: Hand axe          |    86 |    16 ||   102
       Headbutt          |    11 |     2 ||    13
Invok: Depart the Abyss  |     1 |       ||     1
       Bend Space        |       |     1 ||     1
  Use: Scroll            |     2 |       ||     2
Armor: Ring mail         |    28 |     8 ||    36
Dodge: Dodged            |    54 |    28 ||    82

Table legend: (Time is in decaauts)
 A = Elapsed time spent in this place.
 B = Non-inter-level travel time spent in this place.
 C = Inter-level travel time spent in this place.
 D = Time resting spent in this place.
 E = Time spent auto-exploring this place.
 F = Levels seen in this place.
 G = Mean time per level.
                   A        B        C        D        E       F      G
               +--------+--------+--------+--------+--------+-----+--------+
         Total |   2867 |   2779 |     88 |     36 |   2377 |   5 |  573.4 |
       Dungeon |   2797 |   2709 |     88 |     36 |   2349 |   4 |  699.2 |
         Abyss |     70 |     70 |      0 |      0 |     28 |   1 |   70.0 |
               +--------+--------+--------+--------+--------+-----+--------+

Top non-repeatable levels by time:
     D:1: 993 daAuts
     D:2: 974 daAuts
     D:3: 702 daAuts
     D:4: 126 daAuts
 Abyss:1: 70 daAuts
